Map: Abyssal Reef LE

Players

liquidthermy (uThermal) - Winner!

  • Race: Terran Terran
  • League: Master
  • Spawn Location: 5:00

Zest

  • Race: Protoss Protoss
  • League: Master
  • Spawn Location: 11:00

Event: HomeStory Cup XV

VOD

Have the link to the VOD?

Description

Time

  • Played on: July 23, 2017, 12:55 p.m.
  • Length: 7:04

All games in this series

Show
View Real Time Build Order
Export as new Build Order

liquidthermy Terran - Winner!

Build Orders: 1/1/1, Liberator Opening 

Get SALT Encoding   

  12  0:01  SCV  
  13  0:13  SCV  
  14  0:17  Supply Depot  
  14  0:25  SCV  
  15  0:29  Refinery  
  15  0:38  SCV  
  16  0:45  Barracks  
  16  0:50  SCV  
  17  1:02  SCV  
  18  1:15  SCV  
  19  1:39  Orbital Command, Marine  
  20  1:40  Factory  
  20  1:47  Refinery  
  20  1:49  Supply Depot  
  20  1:57  Marine  
  21  2:04  SCV  
  22  2:15  Marine  
  23  2:18  SCV  
  24  2:23  Widow Mine  
  24  2:26  Starport  
  26  2:31  Supply Depot  
  26  2:33  Barracks Reactor  
  26  2:36  SCV  
  27  2:49  SCV  
  28  2:51  Widow Mine  
  28  2:57  Supply Depot  
  30  3:01  SCV  
  30  3:02  Medivac  
  33  3:09  Marine x2  
  35  3:15  Supply Depot  
  36  3:22  Factory Tech Lab  
  35  3:27  Marine x2  
  35  3:32  Viking  
  39  3:41  Siege Tank  
  39  3:45  Marine x2  
  44  3:54  Liberator, Supply Depot  
  44  3:59  SCV  
  45  4:03  Marine x2  
  47  4:12  SCV  
  51  4:20  Siege Tank  
  51  4:21  Marine  
  55  4:34  Supply Depot  
  55  4:37  Marine  
  56  4:38  Marine  
  57  4:52  SCV  
  48  5:01  Siege Tank  
  48  5:02  Marine x2  
  48  5:04  SCV  
  52  5:19  Marine  
  52  5:20  Marine  
  49  5:22  Bunker  
  49  5:23  Liberator  
  49  5:34  Siege Tank  
  51  5:37  Marine x2  
  52  5:55  Marine  
  53  6:00  Marine  
  54  6:06  Siege Tank  
  54  6:09  Engineering Bay  
  56  6:25  Bunker, Marine  
  60  6:29  Marine  
  60  6:43  Marine  
  60  6:49  Missile Turret  
Show
View Real Time Build Order
Export as new Build Order

Zest Protoss 

Build Orders: 1 Gate Expand 

Get SALT Encoding   

  12  0:00  Probe (Chrono Boost)  
  13  0:11  Probe (Chrono Boost)  
  14  0:17  Pylon  
  14  0:22  Probe (Chrono Boost)  
  15  0:35  Probe (Chrono Boost)  
  16  0:38  Gateway  
  16  0:45  Probe (Chrono Boost)  
  16  0:47  Assimilator  
  17  0:56  Probe (Chrono Boost)  
  18  1:06  Probe (Chrono Boost)  
  19  1:24  Nexus  
  19  1:33  Cybernetics Core  
  19  1:34  Probe (Chrono Boost)  
  20  1:40  Assimilator  
  20  1:45  Probe (Chrono Boost)  
  21  1:51  Pylon  
  21  1:55  Probe (Chrono Boost)  
  22  2:06  Probe (Chrono Boost)  
  23  2:10  Stalker (Chrono Boost)  
  23  2:12  Warp Gate (Chrono Boost)  
  25  2:19  Mothership Core  
  27  2:33  Stalker (Chrono Boost)  
  29  2:37  Probe  
  29  2:40  Probe  
  30  2:55  Gateway x2  
  30  2:57  Probe  
  31  2:59  Probe  
  32  3:08  Pylon  
  32  3:10  Stalker  
  32  3:18  Probe  
  35  3:22  Probe  
  36  3:31  Robotics Facility  
  36  3:39  Pylon  
  36  3:44  Probe  
  36  3:45  Probe  
  38  3:57  Probe x2  
  38  4:10  Probe  
  38  4:19  Observer (Chrono Boost)  
  38  4:37  Stalker x3  
  28  5:01  Stalker x2  
  28  5:02  Stalker  
  30  5:26  Stalker x2  
  30  5:38  Stalker  
  32  5:52  Immortal (Chrono Boost)  
  36  6:13  Stalker  
  38  6:21  Pylon  
  35  6:44  Adept x3  
Tags
 
Add a new tag
Caveats
  • Supply blocks, unpowered buildings, or Contaminate may cause inaccurate times.
  • Supply counts are checked every 10 seconds.